General information
- name: BNet
- type: Ladder 1vs1/FFA
- host: Battle.net
- saver: Lord_Kamakazie
map: TerenasStand
- players: 2
- length: 47:01
- speed: Fast
- version: 1.26 W3XP
- replay type: Public
» download(147 KB)
Players
team 1 (loser)
heberthwin (
pink | 89 APM | 4196 actions | 46:59)
5 Demon Hunter
2 Immolation
3 Evasion
4 Priestess of the Moon
2 Trueshot Aura
2 Searing Arrows
» actions
| Assign group hotkey | 38 | |
| Basic commands | 146 | |
| Build / train | 93 | |
| ESC pressed | 1 | |
| Enter build submenu | 19 | |
| Enter hero's abilities submenu | 9 | |
| Give item / drop item | 12 | |
| Right click | 1589 | |
| Select / deselect | 709 | |
| Select group hotkey | 1426 | |
| Use ability | 154 | |
4196 total
» units
| Wisp | 14 | |
| Archer | 8 | |
| Huntress | 1 | |
| Glaive Thrower | 5 | |
| Druid of the Talon | 4 | |
| Dryad | 6 | |
| Druid of the Claw | 3 | |
| Faerie Dragon | 2 | |
43 total
» upgrades
| Ultravision | 1 | |
| Strength of the Moon | 2 | |
| Moon Armor | 1 | |
| Strength of the Wild | 2 | |
| Improved Bows | 1 | |
| Abolish Magic | 1 | |
| Reinforced Hides | 1 | |
| Druid of the Talon Training | 2 | |
| Druid of the Claw Training | 2 | |
| Marksmanship | 1 | |
| Mark of the Claw | 1 | |
| Nature's Blessing | 1 | |
| Well Spring | 1 | |
| Mark of the Talon | 1 | |
18 total
» buildings
| Moon Well | 7 | |
| Altar of Elders | 1 | |
| Ancient of War | 2 | |
| Hunter's Hall | 1 | |
| Ancient of Wonders | 1 | |
| Ancient Protector | 2 | |
| Tree of Ages | 2 | |
| Ancient of Lore | 1 | |
| Ancient of Wind | 1 | |
| Tree of Eternity | 1 | |
| Tree of Life | 1 | |
20 total
» build order
00:06 Moon Well
00:07 Altar of Elders
00:49 Ancient of War
01:26 Moon Well
02:21 Hunter's Hall
02:24 Moon Well
02:57 Ancient of Wonders
03:44 Moon Well
03:50 Ancient Protector
04:29 Tree of Ages
04:56 Ancient Protector
07:57 Ancient of Lore
08:06 Ancient of Wind
09:25 Moon Well
11:30 Tree of Eternity
11:45 Ancient of War
19:14 Moon Well
19:58 Moon Well
27:35 Tree of Life
37:27 Tree of Ages
» items
| Moonstone | 9 | |
| Potion of Healing | 4 | |
| Dust of Appearance | 1 | |
| Staff of Preservation | 1 | |
| Orb of Venom | 1 | |
| Lesser Clarity Potion | 1 | |
17 total
team 2 (winner)
Lord_Kamakazie (
purple | 72 APM | 3369 actions | 47:01)
5 Blood Mage
3 Flame Strike
2 Siphon Mana
» actions
| Assign group hotkey | 13 | |
| Basic commands | 72 | |
| Build / train | 136 | |
| Enter build submenu | 121 | |
| Enter hero's abilities submenu | 5 | |
| Give item / drop item | 18 | |
| Right click | 1657 | |
| Select / deselect | 529 | |
| Select group hotkey | 591 | |
| Use ability | 227 | |
3369 total
» units
| Peasant | 32 | |
| Mortar Team | 5 | |
| Sorceress | 2 | |
| Gryphon Rider | 3 | |
42 total
» upgrades
| Masonry | 3 | |
| Flare | 1 | |
| Gunpowder | 3 | |
| Magic Sentry | 1 | |
| Sorceress Training | 2 | |
| Fragmentation Shards | 1 | |
| Swords | 2 | |
| Armor | 2 | |
| Storm Hammers | 1 | |
| Animal War Training | 1 | |
17 total
» buildings
| Altar of Kings | 1 | |
| Farm | 13 | |
| Lumber Mill | 1 | |
| Scout Tower | 102 | |
| Guard Tower | 45 | |
| Arcane Vault | 2 | |
| Keep | 1 | |
| Town Hall | 1 | |
| Blacksmith | 1 | |
| Workshop | 1 | |
| Arcane Sanctum | 1 | |
| Castle | 1 | |
| Cannon Tower | 1 | |
| Gryphon Aviary | 6 | |
| Barracks | 1 | |
178 total
» build order
00:05 Altar of Kings
00:22 Farm
00:38 Lumber Mill
01:08 Farm
01:25 Scout Tower
01:26 Scout Tower
01:56 Guard Tower
02:06 Scout Tower
02:10 Scout Tower
02:17 Guard Tower
02:35 Guard Tower
03:10 Scout Tower
03:11 Scout Tower
03:12 Scout Tower
03:22 Scout Tower
03:24 Scout Tower
03:34 Scout Tower
03:40 Scout Tower
03:41 Scout Tower
03:43 Scout Tower
04:07 Guard Tower
04:10 Scout Tower
04:12 Scout Tower
04:15 Scout Tower
04:18 Scout Tower
04:25 Guard Tower
04:34 Arcane Vault
04:36 Keep
04:48 Guard Tower
04:54 Scout Tower
04:55 Scout Tower
05:02 Guard Tower
05:14 Guard Tower
05:14 Guard Tower
05:37 Guard Tower
05:52 Guard Tower
05:54 Scout Tower
05:56 Scout Tower
05:57 Scout Tower
06:07 Guard Tower
06:10 Scout Tower
06:13 Scout Tower
06:34 Guard Tower
06:39 Guard Tower
06:53 Guard Tower
07:19 Scout Tower
07:21 Scout Tower
07:24 Scout Tower
07:27 Scout Tower
07:28 Scout Tower
07:37 Guard Tower
07:48 Scout Tower
08:12 Guard Tower
08:14 Guard Tower
08:17 Guard Tower
08:37 Scout Tower
08:39 Scout Tower
08:51 Guard Tower
09:15 Town Hall
09:32 Guard Tower
09:37 Guard Tower
10:36 Scout Tower
10:36 Scout Tower
10:37 Scout Tower
10:38 Scout Tower
10:41 Scout Tower
10:42 Scout Tower
10:43 Scout Tower
10:44 Scout Tower
10:45 Scout Tower
10:47 Scout Tower
11:03 Blacksmith
11:19 Guard Tower
11:43 Guard Tower
11:58 Guard Tower
12:01 Guard Tower
12:37 Workshop
12:45 Arcane Sanctum
12:55 Farm
12:55 Farm
13:00 Scout Tower
13:51 Guard Tower
14:23 Castle
15:54 Arcane Vault
17:42 Farm
19:13 Guard Tower
19:23 Scout Tower
19:24 Scout Tower
19:25 Scout Tower
19:26 Scout Tower
19:32 Scout Tower
19:33 Scout Tower
19:35 Scout Tower
19:36 Scout Tower
19:37 Scout Tower
19:38 Scout Tower
19:39 Scout Tower
19:46 Scout Tower
19:47 Scout Tower
19:49 Scout Tower
19:52 Scout Tower
20:03 Scout Tower
20:04 Scout Tower
20:05 Scout Tower
20:07 Scout Tower
20:11 Scout Tower
20:12 Scout Tower
20:13 Scout Tower
20:15 Scout Tower
20:16 Scout Tower
20:19 Guard Tower
20:40 Guard Tower
20:43 Guard Tower
20:55 Guard Tower
21:07 Guard Tower
21:16 Guard Tower
21:37 Guard Tower
21:39 Guard Tower
22:20 Cannon Tower
22:23 Guard Tower
22:43 Scout Tower
22:44 Scout Tower
22:45 Scout Tower
22:46 Scout Tower
22:48 Scout Tower
22:49 Scout Tower
22:53 Scout Tower
22:53 Scout Tower
23:00 Scout Tower
23:01 Scout Tower
23:02 Scout Tower
23:03 Scout Tower
23:05 Scout Tower
23:10 Scout Tower
23:16 Guard Tower
23:33 Guard Tower
23:37 Guard Tower
23:39 Scout Tower
23:40 Scout Tower
23:41 Scout Tower
23:42 Scout Tower
23:43 Scout Tower
23:45 Scout Tower
23:48 Scout Tower
24:23 Guard Tower
24:34 Guard Tower
26:10 Guard Tower
26:20 Scout Tower
26:22 Scout Tower
26:27 Scout Tower
26:29 Scout Tower
26:30 Scout Tower
26:34 Scout Tower
26:36 Scout Tower
26:41 Scout Tower
26:43 Scout Tower
30:14 Gryphon Aviary
30:14 Gryphon Aviary
30:17 Gryphon Aviary
30:19 Gryphon Aviary
30:23 Gryphon Aviary
30:27 Gryphon Aviary
30:49 Scout Tower
30:50 Scout Tower
30:50 Scout Tower
30:51 Scout Tower
30:51 Scout Tower
31:01 Farm
31:02 Farm
31:02 Farm
31:03 Farm
31:03 Farm
31:05 Farm
31:45 Guard Tower
32:03 Barracks
33:06 Farm
33:07 Farm
» items
| Boots of Speed | 1 | |
| Circlet of Nobility | 1 | |
| Staff of Teleportation | 1 | |
| Scroll of Regeneration | 11 | |
| Lesser Clarity Potion | 3 | |
| Ivory Tower | 4 | |
| Potion of Healing | 2 | |
23 total
Chat log
(01:44 / All) heberthwin: hi
(01:47 / All) Lord_Kamakazie: hi
(03:00 / All) Lord_Kamakazie: you just
(03:03 / All) Lord_Kamakazie: lost an archer
(03:28 / All) Lord_Kamakazie: lookout
(03:29 / All) Lord_Kamakazie: towers
(07:06 / All) Lord_Kamakazie: dude
(07:07 / All) Lord_Kamakazie: is he ok
(07:08 / All) Lord_Kamakazie: ?
(07:11 / All) Lord_Kamakazie: i think hes dead
(07:17 / All) heberthwin: yep
(07:18 / All) heberthwin: is
(16:46 / All) heberthwin: nice
(21:02 / All) Lord_Kamakazie: whats on your mind champ
(21:28 / All) Lord_Kamakazie: whats your plan
(21:33 / All) Lord_Kamakazie: how are you going to defeat me
(27:41 / All) Lord_Kamakazie: oops....
(29:00 / All) Lord_Kamakazie: your only gold mines seems to have vanished....
(29:49 / All) Lord_Kamakazie: how should i spend my 6k gold
(29:57 / All) Lord_Kamakazie: how do you feel about gryphons?
(30:02 / All) heberthwin: come on
(30:11 / All) Lord_Kamakazie: gryphons then?
(32:12 / All) heberthwin: good for you
(32:16 / All) heberthwin: los time
(33:44 / All) Lord_Kamakazie: ceaswe and desist killing my border defenses
(34:57 / All) Lord_Kamakazie: cease!!"!!!
(35:17 / All) Lord_Kamakazie: be warned i will call the national guard
(36:13 / All) Lord_Kamakazie: very well.....
(36:44 / All) Lord_Kamakazie: i warned you....
(36:52 / All) heberthwin: lost very time
(36:59 / All) heberthwin: don´t is enough
(39:32 / All) heberthwin: come on ?
(39:35 / All) Lord_Kamakazie: this gold mine is american property
(39:53 / All) heberthwin: belive what you want
(40:56 / All) heberthwin: your fear, smell
(41:14 / All) heberthwin: ops
(41:16 / All) Lord_Kamakazie: i dont negotiate with terrorists
(41:29 / All) heberthwin: and not me
(41:58 / All) heberthwin: come now ?
(42:37 / All) heberthwin: time don´t wait noone
(43:26 / All) Lord_Kamakazie: leave these lands
(43:39 / All) heberthwin: happy ?
(44:52 / All) heberthwin: ...
(44:54 / All) heberthwin: bored
(44:57 / All) heberthwin: ..
(45:04 / All) Lord_Kamakazie: begone murderer
(45:05 / All) heberthwin: feel
(45:06 / All) heberthwin: is
(45:17 / All) heberthwin: I waiting
(45:20 / All) heberthwin: for what
(45:29 / All) heberthwin: your fear
(45:33 / All) heberthwin: is feak
(45:37 / All) heberthwin: seek